 Dungeon Crawl Stone Soup version 0.30-a0-122-g2a1322497e (webtiles) character file.

Game seed: 4851152301932074224

37 DEFE the Chopper (level 3, -1/31 HPs)
             Began as a Meteoran Fighter on Sept 15, 2022.
             Slain by Natasha (8 damage)
             ... on level 2 of the Dungeon.
             The game lasted 00:02:19 (452 turns).

DEFE the Chopper (Meteoran Fighter)                  Turns: 452, Time: 00:02:20

Health: -1/31      AC:  8    Str: 19    XL:     3   Next: 88%
Magic:  4/4        EV:  9    Int: 10    God:
Gold:   4          SH:  5    Dex: 13    Spells: 2/2 levels left

rFire   . . .      SeeInvis .    i - +0 war axe (freeze)
rCold   . . .      Faith    .    c - +0 buckler
rNeg    . . .      Spirit   .    b - +0 scale mail
rPois   .          Reflect  .    k - +0 helmet
rElec   .          Harm     .    (no cloak)
rCorr   .          Rampage  .    (no gloves)
Will    .....                    (no boots)
Stlth   ..........               (no amulet)
HPRegen 0.10/turn                (no ring)
MPRegen 0.09/turn                (no ring)

@: slowed, glowing, very slow
A: sense surroundings 1, otherworldly, glowing, explore regen
a: no special abilities


You were on level 2 of the Dungeon.
You visited 1 branch of the dungeon, and saw 2 of its levels.

You collected 4 gold pieces.

Inventory:

Hand Weapons
 a - a +0 war axe
 i - a +0 war axe of freezing (weapon)
Armour
 b - a +0 scale mail (worn)
 c - a +0 buckler (worn)
 k - a +0 helmet (worn)
Wands
 g - a wand of flame (17)
Scrolls
 f - a scroll of identify {unknown}
 l - a scroll of magic mapping {unknown}
 m - a scroll of amnesia {unknown}
Potions
 d - 3 potions of might
 e - a potion of attraction {unknown}
 h - a potion of heal wounds {unknown}
 j - 2 potions of curing {unknown}


   Skills:
 - Level 3.2 Fighting
 + Level 4.5 Axes
 - Level 3.6 Armour
 - Level 3.6 Shields


You had 2 spell levels left.
You didn't know any spells.
Your spell library contained the following spells:

 Spells                   Type           Power      Damage    Failure   Level
 Magic Dart               Conj           0%         1d3       82%         1
 Call Imp                 Summ           0%         N/A       91%         2
 Ensorcelled Hibernation  Hex/Ice        0%         N/A       91%         2
 Passwall                 Tmut/Erth      0%         N/A       91%         2
 Dazzling Flash           Conj/Hex       0%         N/A       99%         3
 Mephitic Cloud           Conj/Pois/Air  0%         N/A       99%         3
 Spider Form              Tmut/Pois      0%         N/A       99%         3
 Swiftness                Air            0%         N/A       99%         3
 Anguish                  Hex/Necr       0%         N/A       100%        4
 Iskenderun's Mystic Bla  Conj/Tloc      0%         2d3       100%        4
 Starburst                Conj/Fire      0%         6d3       100%        6


Dungeon Overview and Level Annotations

Branches:
Dungeon (2/15) Zot: 719

Altars:

Annotations:
D:2 Natasha


Innate Abilities, Weirdness & Mutations

You passively map a small area around you.
You are easily found by Zot.
You glow in the dark.
You regain HP and MP as you explore.


Message History

You hit Natasha. You freeze Natasha. Natasha barely misses you.
You barely miss Natasha. Natasha claws you.
You take 3 damage, and have 19/31 hp.
Unknown command.
You closely miss Natasha. Natasha claws you. x2
You take 1 damage, and have 18/31 hp.
Unknown command.
You hit Natasha but do no damage. Natasha casts a spell at you.
You feel yourself slow down.
Unknown command.
Unknown command.
You miss Natasha. Natasha barely misses you.
Natasha claws you but does no damage.
Unknown command.
You closely miss Natasha. Natasha barely misses you.
You block Natasha's attack.
Unknown command.
You closely miss Natasha. You block Natasha's attack.
You barely miss Natasha. You block Natasha's attack.
Natasha claws you but does no damage.
You closely miss Natasha. Natasha claws you.
Natasha stares at you and mumbles some strange words.
You feel as though you will be slow longer.
You take 5 damage, and have 13/31 hp.
You hit Natasha. You freeze Natasha. Natasha casts a spell at you.
You resist with some effort. Natasha claws you.
* * * LOW HITPOINT WARNING * * *
You take 6 damage, and have 7/31 hp.
Unknown command.
You closely miss Natasha.
Natasha casts a spell.
Natasha completely misses you.
Unknown command.
You completely miss Natasha. You block Natasha's attack.
Natasha claws you but does no damage.
Unknown command.
You closely miss Natasha. Natasha claws you!
You die...

* ## *
####*#####.. *
* ##...#......
* ,
##...(.....##
#...........#
*
#...........#
#.....)5....#
**#.[..@h...#
###
##..[#...##*,
* #..
####*..## #..
* #.# * #.. ,
*.# * #.. , **
* *.. * #.. *
, ,* *.., *
#.. * .#. **
##.
.##..########.


You could see Natasha and a shadow imp (summoned).

Vanquished Creatures
  An adder (D:2)
  5 ball pythons
  3 bats
  2 endoplasms (D:2)
  A giant cockroach (D:1)
  4 goblins
  3 kobolds
  4 frilled lizards
  4 rats (D:1)
27 creatures vanquished.

Notes
Turn   | Place    | Note
-------+----------+-------------------------------------------
     0 | D:1      | DEFE the Meteoran Fighter began the quest for the Orb.
     0 | D:1      | Reached XP level 1. HP: 19/19 MP: 2/2
   149 | D:1      | Reached skill level 3 in Axes
   149 | D:1      | Reached XP level 2. HP: 26/26 MP: 3/3
   221 | D:1      | Found a faded altar of an unknown god.
   320 | D:2      | Identified the +1 robe of Yhanawop {Dex+2}
   331 | D:2      | Reached XP level 3. HP: 29/31 MP: 4/4
   339 | D:2      | Reached skill level 4 in Axes
   436 | D:2      | Noticed Natasha
   452 | D:2      | Slain by Natasha

Illustrated notes

Levels and vault maps discovered:
D:1:      erik_arrival_blinker_ship, layout_basic,
          hellmonk_ecumenical_altar_arch_garden, patterned_corridor
D:2:      layout_rooms, uniq_natasha

Skill      XL: |  1  2  3 |
---------------+----------+-----
Axes           | 3 4 |  4.5
Fighting       | |  3.2
Armour         | |  3.6
Shields        | |  3.6

Action                   || total
-------------------------++-------
Melee: War axe           ||    65
Armor: Scale mail        ||    29
Dodge: Dodged            ||    24
Block: Buckler           ||    19

Table legend: (Time is in decaauts)
 A = Elapsed time spent in this place.
 B = Non-inter-level travel time spent in this place.
 C = Inter-level travel time spent in this place.
 D = Time resting spent in this place.
 E = Time spent auto-exploring this place.
 F = Levels seen in this place.
 G = Mean time per level.
                   A        B        C        D        E       F      G
               +--------+--------+--------+--------+--------+-----+--------+
         Total |    478 |    433 |     45 |      0 |      0 |   2 |  239.0 |
       Dungeon |    478 |    433 |     45 |      0 |      0 |   2 |  239.0 |
               +--------+--------+--------+--------+--------+-----+--------+

Top non-repeatable levels by time:
     D:1: 310 daAuts
     D:2: 168 daAuts
